 Dungeon Crawl Stone Soup version 0.26.1-2-gb8aa6d0cf2 (webtiles) character file.

Game seed: 5958159980367056756

56 Revguard the Grave Robber (level 3, 0/25 HPs)
             Began as a Demonspawn Necromancer on Mar 19, 2021.
             Succumbed to an adder's poison
             ... on level 3 of the Dungeon.
             The game lasted 00:05:11 (1294 turns).

Revguard the Grave Robber (Demonspawn Necromancer)  Turns: 1294, Time: 00:05:12

Health: 0/25       AC:  4    Str:  9    XL:     3   Next: 69%
Magic:  3/6        EV: 12    Int: 16    God:
Gold:   85         SH:  0    Dex: 13    Spells: 5/7 levels left

rFire    . . .     SeeInvis .   c - +0 spear
rCold    . . .     Faith    .   (no shield)
rNeg     . . .     Spirit   +   h - +0 leather armour
rPois    .         Reflect  .   (no helmet)
rElec    .         Harm     .   (no cloak)
rCorr    .         Rampage  .   b - +0 pair of gloves (curse)
Will     .....                  (no boots)
Stlth    +.........             (no amulet)
HPRegen  0.08/turn              (no ring)
MPRegen  0.10/turn              (no ring)

@: lethally poisoned (0 -> -2), berserk cooldown, slowed, very slow
A: hooves 1, magic shield
a: no special abilities


You were on level 3 of the Dungeon.
You visited 1 branch of the dungeon, and saw 3 of its levels.

You collected 85 gold pieces.

Inventory:

Hand Weapons
 c - a +0 spear (weapon)
Armour
 a - a +0 robe
 b - a cursed +0 pair of gloves (worn)
 h - a +0 leather armour (worn)
Scrolls
 e - 2 scrolls of identify


   Skills:
 + Level 0.3 Fighting
 + Level 0.2 Polearms
 + Level 1.9 Dodging
 - Level 1.8 Stealth
 + Level 2.5 Spellcasting
 + Level 5.4 Necromancy


You had 5 spell levels left.
You knew the following spells:

 Your Spells              Type           Power        Failure   Level
a - Pain                  Necr           76%          3%          1
b - Animate Skeleton      Necr           38%          3%          1

Your spell library contained the following spells:

 Spells                   Type           Power        Failure   Level
 Vampiric Draining        Necr           9%           9%          3
 Animate Dead             Necr           9%           30%         4
 Agony                    Necr           19%          63%         5


Dungeon Overview and Level Annotations

Branches:
Dungeon (3/15)

Altars:


Innate Abilities, Weirdness & Mutations

You have large cloven feet.
When hurt, damage is shared between your health and your magic reserves.


Message History

As you read the scroll labelled GUKKUQEEPT, it crumbles to dust.
You feel strangely unstable.
It was a scroll of teleportation.
As you read the scroll labelled GERYORPH QITO, it crumbles to dust.
It is a scroll of identify.
You don't have any unidentified items.
Your surroundings suddenly seem different.
Found a stone staircase leading up.
There is a lethal amount of poison in your body!
There is a lethal amount of poison in your body!
There is a lethal amount of poison in your body!
There is a lethal amount of poison in your body!
There is a lethal amount of poison in your body!
There is a lethal amount of poison in your body!
There is a lethal amount of poison in your body!
A worm comes into view.
* * * LOW HITPOINT WARNING * * *
You feel sick.
Found a stone staircase leading up.
There is a stone staircase leading up here.
You die...

#. ..+
.# ..# .
...+
#.###
... .#w#
#.. ..#
#.#
#.####.#
#.#
#......#
.#
#..###@#
#.# #.
#<..#
#.# ..
#.###
#.# ##
... #.#
### #.#
#.# #.


You could see a worm (asleep).

Vanquished Creatures
  2 adders (D:2)
  A dart slug (D:1)
  A bat (D:2)
  2 giant cockroaches (D:1)
  4 goblins
  3 hobgoblins
  A jackal (D:1)
  3 kobolds
  A frilled lizard (D:2)
  A rat (D:2)
19 creatures vanquished.

Vanquished Creatures (collateral kills)
  2 adders (D:2)
  A goblin (D:2)
3 creatures vanquished.

Grand Total: 22 creatures vanquished

Notes
Turn   | Place    | Note
-------+----------+-------------------------------------------
     0 | D:1      | Revguard the Demonspawn Necromancer began the quest for the
                  | Orb.
     0 | D:1      | Reached XP level 1. HP: 13/13 MP: 3/3
   162 | D:1      | Gained mutation: You have large cloven feet. [demonic
                  | ancestry]
   162 | D:1      | Reached XP level 2. HP: 15/19 MP: 0/5
  1072 | D:2      | Reached skill level 5 in Necromancy
  1110 | D:2      | Learned a level 1 spell: Animate Skeleton
  1128 | D:2      | Gained mutation: When hurt, damage is shared between your
                  | health and your magic reserves. [demonic ancestry]
  1128 | D:2      | Reached XP level 3. HP: 14/25 MP: 0/6
  1143 | D:2      | HP: 1/25 [poisoned by an adder]
  1291 | D:3      | HP: 1/25 [poisoned by an adder]
  1294 | D:3      | Succumbed to an adder's poison

Illustrated notes

Levels and vault maps discovered:
D:1:      mrwooster_arrival_statue, layout_loops_ring, minmay_pentomino_z4
D:2:      layout_loops_cross
D:3:      layout_basic, uniq_robin

Skill      XL: |  1  2 |
---------------+-------+-----
Necromancy     | 5 |  5.4
Fighting       | |  0.3
Polearms       | |  0.2
Dodging        | |  1.9
Stealth        | |  1.8
Spellcasting   | |  2.5

Action                   || total
-------------------------++-------
Melee: Spear             ||    26
       Kick              ||     2
 Cast: Pain              ||    29
       Animate Skeleton  ||     3
  Use: Potion            ||     3
       Scroll            ||     2
Armor: Leather armour    ||     8
Dodge: Dodged            ||    26
